 Dungeon Crawl Stone Soup version 0.26.1-11-gd32895ea62 (webtiles) character file.

Game seed: 6496953986742577690

51 Almogavar the Skirmisher (level 3, -2/31 (33) HPs)
             Began as a Hill Orc Fighter on May 29, 2021.
             Slain by a gnoll
             ... wielding a +2 spear of chaos
              (16 damage)
             ... on level 2 of the Dungeon.
             The game lasted 00:02:40 (1208 turns).

Almogavar the Skirmisher (Hill Orc Fighter)         Turns: 1208, Time: 00:02:40

HP:   -2/31 (33)    AC:  7    Str: 19    XL:     3   Next: 83%
MP:   3/3           EV: 11    Int:  8    God:
Gold: 95            SH:  9    Dex: 10    Spells: 2/2 levels left

rFire    . . .     SeeInvis .   a - +0 war axe
rCold    . . .     Faith    .   c - +0 kite shield
rNeg     . . .     Spirit   .   b - +0 scale mail
rPois    .         Reflect  .   (no helmet)
rElec    .         Harm     .   (no cloak)
rCorr    +         Rampage  .   (no gloves)
Will     .....                  (no boots)
Stlth    ..........             (no amulet)
HPRegen  0.10/turn              h - +4 ring of evasion
MPRegen  0.08/turn              n - ring of resist corrosion

@: lethally poisoned (-2 -> -4), hasted, drained, very quick
A: no striking features
a: no special abilities


You were on level 2 of the Dungeon.
You visited 1 branch of the dungeon, and saw 2 of its levels.

You collected 95 gold pieces.

Inventory:

Hand Weapons
 a - a +0 war axe (weapon)
Armour
 b - a +0 scale mail (worn)
 c - a +0 kite shield (worn)
Jewellery
 h - a +4 ring of evasion (left hand)
 n - a ring of resist corrosion (right hand)
Scrolls
 f - a scroll of fog {unknown}
 g - a scroll of remove curse
 i - 2 scrolls of teleportation {unknown}
 j - a scroll of magic mapping {unknown}
 k - a scroll of amnesia {unknown}
 m - a scroll of enchant armour {unknown}
Potions
 d - a potion of might
 e - a potion of attraction {unknown}
 l - a potion of lignification {unknown}
 o - a potion of heal wounds {unknown}


   Skills:
 + Level 4.1 Fighting
 + Level 3.8 Axes
 + Level 3.7 Armour
 + Level 3.8 Shields


You had 2 spell levels left.
You didn't know any spells.
Your spell library was empty.

Dungeon Overview and Level Annotations

Branches:
Dungeon (2/15)

Altars:


Message History

You kill the hobgoblin!
You feel sick. The orc closely misses you.
You slash the orc!
You kill the orc!
The gnoll hits you from afar with a +0 spear of chaos.
You feel yourself speed up. The gnoll closely misses you.
Things that are here:
a +0 club of chaos; an orc corpse You hit the gnoll.
The gnoll is lightly wounded.
The gnoll hits you but does no damage.
The gnoll hits you with a +0 spear of chaos.
You hit the gnoll.
The gnoll is moderately wounded.
You feel sick.
The gnoll hits you but does no damage. x2
You slash the gnoll!
You kill the gnoll!
The gnoll hits you but does no damage.
You are electrocuted!
Ouch! That really hurt!
You die...

##.## ≈#....#.#
##..# #.≈...≈#
....# ≈#.....##
....# ##.#...≈#
##..# #.≈#..#.###
#..# #..≈...≈.o#
#..# .#####)#g#
#..# #≈....o≈#)#
##..# ⌠≈.#≈##.#@#
....# . ≈≈.#..#.#
#.).# (#..# ≈.#.#
#..## #.^# ≈.##.#
#...###..≈ .##..#
#.....##. .###.##
##.#.†###### #(.#
#..#.......###.##
#.##...........#


You could see a gnoll and an orc.

Vanquished Creatures
  A gnoll (D:2)
  An ooze (D:2)
  A dart slug (D:2)
  2 orcs (D:2)
  2 giant cockroaches
  4 goblins
  8 hobgoblins
  8 kobolds
  4 bats (D:2)
  7 frilled lizards
  4 rats (D:1)
42 creatures vanquished.

Vanquished Creatures (others)
  2 plants (D:1)
2 creatures vanquished.

Grand Total: 44 creatures vanquished

Notes
Turn   | Place    | Note
-------+----------+-------------------------------------------
     0 | D:1      | Almogavar the Hill Orc Fighter began the quest for the Orb.
     0 | D:1      | Reached XP level 1. HP: 19/19 MP: 1/1
   175 | D:1      | Reached XP level 2. HP: 27/27 MP: 2/2
   779 | D:2      | Reached skill level 4 in Fighting
   788 | D:2      | Reached XP level 3. HP: 30/33 MP: 3/3
  1208 | D:2      | Slain by a gnoll

Illustrated notes

Levels and vault maps discovered:
D:1:      psy_arrival_conway, layout_basic, serial_bayou_lagoon_a
D:2:      layout_rooms, tgw_xom, serial_rivers, chequers_serial_rivers_micro_c,
          chequers_serial_rivers_room_a, chequers_serial_rivers_micro_b,
          chequers_serial_rivers_large_a

Skill      XL: |  1  2 |
---------------+-------+-----
Axes           | 3 |  3.8
Fighting       | 4 |  4.1
Armour         | |  3.7
Shields        | |  3.8

Action                   || total
-------------------------++-------
Melee: War axe           ||    87
  Use: Scroll            ||     1
Armor: Scale mail        ||    41
Dodge: Dodged            ||    39
Block: Kite shield       ||    43
